 Dungeon Crawl Stone Soup version 0.22-a0-284-g99d1f74 (webtiles) character file.

19 4thArraOfDagon the Slasher (level 2, 0/22 HPs)
             Began as a Formicid Warper on Mar 20, 2018.
             Slain by a centaur (2 damage)
             ... on level 5 of the Dungeon.
             The game lasted 00:01:50 (304 turns).

4thArraOfDagon the Slasher (Formicid Warper)         Turns: 304, Time: 00:01:51

Health: 0/22       AC:  8    Str: 15    XL:     2   Next: 95%
Magic:  5/5        EV:  6    Int: 12    God:
Gold:   15         SH:  0    Dex: 10    Spells: 5/5 levels left

rFire    . . .     SeeInvis +   a - +0 falchion
rCold    . . .     Gourm    .   (no shield)
rNeg     . . .     Faith    .   h - +0 chain mail (curse)
rPois    .         Spirit   .   (helmet unavailable)
rElec    .         Reflect  .   (no cloak)
rCorr    .         Harm     .   (no gloves)
MR       .....                  (no boots)
Stlth    ..........             (no amulet)
HPRegen  0.07/turn              (no ring)
MPRegen  0.09/turn              (no ring)

@: no status effects
A: permanent stasis, dig shafts and tunnels, four strong arms, antennae 3
a: Dig, Shaft Self


You were on level 5 of the Dungeon.
You were not hungry.

You visited 1 branch of the dungeon, and saw 5 of its levels.

You collected 15 gold pieces.

Inventory:

Hand Weapons
 a - a +0 falchion (weapon)
Armour
 b - a +0 leather armour
 h - a cursed +0 chain mail (worn)
Scrolls
 c - a scroll of amnesia {unknown}
 d - a scroll of blinking
 i - a scroll of fog {unknown}
 j - a scroll of random uselessness {unknown}
 k - 2 scrolls of magic mapping {unknown}
 l - a scroll of enchant armour {unknown}
Potions
 g - a potion of magic
Comestibles
 f - 3 rations


   Skills:
 - Level 2.1 Fighting
 * Level 3.2 Long Blades
 - Level 1.0 Throwing
 - Level 1.1 Armour
 - Level 1.7 Dodging
 - Level 2.1 Spellcasting
   Level 2.6 Translocations


You had 5 spell levels left.
You didn't know any spells.

Dungeon Overview and Level Annotations

Branches:
Dungeon (4/15)
 Temple: D:4-7

Altars:

Annotations:
D:3 TheNamelessOne's ghost, amateur TrMo


Innate Abilities, Weirdness & Mutations

You cannot be hasted, slowed, berserked, paralysed or teleported.
You can dig through walls and to a lower floor.
Your four strong arms can wield two-handed weapons with a shield.
You have a pair of large antennae on your head. (SInv)


Message History

The tomahawk of dispersal hits the centaur but does no damage.
The centaur unwields an uncursed shortbow.
The centaur hits you but does no damage.
The centaur barely misses you.
Throwing (i - inventory)
e - 2 tomahawks of dispersal (quivered)
Press: ? - help, Shift-Dir - straight line, f/p - centaur
Aim: a centaur You throw a tomahawk of dispersal.
The tomahawk of dispersal hits the centaur but does no damage.
The centaur closely misses you.
You riposte.
You closely miss the centaur. The centaur hits you.
* * * LOW HITPOINT WARNING * * *
Unknown command.
Throwing (i - inventory)
e - a tomahawk of dispersal (quivered)
Press: ? - help, Shift-Dir - straight line, f/p - centaur
Aim: a centaur You throw a tomahawk of dispersal.
The tomahawk of dispersal barely misses the centaur.
The centaur hits you.
You die...

#. #.# #....# #.. #.#
#....#
#..###.###....#
#.............#
#..........####
#...........#
...###.##...#
#.##...####
#.##....#@#
..####.##...#c##
#...........#########
............(.....c..
.#.####..........[...
# ######.####.### #.#
# ... ###.#


You could see a centaur.

Vanquished Creatures
  2 giant cockroaches (D:3)
  A goblin (D:1)
  A hobgoblin (D:1)
  3 jackals (D:5)
  A kobold (D:3)
  3 quokkas (D:3)
  3 bats
  A frilled lizard (D:1)
  2 rats (D:3)
17 creatures vanquished.

Notes
Turn   | Place    | Note
-------+----------+-------------------------------------------
     0 | D:1      | 4thArraOfDagon the Formicid Warper began the quest for the Orb.
     0 | D:1      | Reached XP level 1. HP: 16/16 MP: 3/3
    67 | D:3      | Reached XP level 2. HP: 3/22 MP: 5/5
    98 | D:3      | Noticed TheNamelessOne's ghost (amateur TrMo)
   201 | D:3      | Reached skill level 3 in Long Blades
   252 | D:4      | Noticed an ogre
   255 | D:4      | You fall through a shaft!
   255 | D:5      | Entered Level 5 of the Dungeon
   293 | D:5      | Noticed a centaur
   304 | D:5      | Slain by a centaur

Vault maps used:
D:1:      minmay_arrival_diagonal_passages
D:2:      kennysheep_six_static_rooms, overflow_temple_1_default,
          nicolae_ashenzari_panopticon, uniq_natasha
D:3:      first_ration, minmay_statues_item, nicolae_dithmenos_shadow_blocks
D:4:      okawaru_ov_weapons_minmay, minmay_gold_behind_fungi
D:5:      led_sif_book, nicolae_overflow_crystal_walls, minmay_misc_feat_tiny,
          serial_bayou_pond_c, minmay_misc_feat_rows,
          minmay_misc_feat_four_crosses

Skill      XL: |  1  2 |
---------------+-------+-----
Long Blades    | 3 |  3.2
Fighting       | |  2.1
Throwing       | |  1.0
Armour         | |  1.1
Dodging        | |  1.7
Spellcasting   | |  2.1
Translocations | |  2.6

Action                   || total
-------------------------++-------
Melee: Falchion          ||    54
Throw: Tomahawk          ||     5
 Abil: Dig               ||     2
       Shaft Self        ||     1
  Use: Potion            ||     1
 Stab: Sleeping          ||     1
Armor: Leather armour    ||    10
       Chain mail        ||    21
Dodge: Dodged            ||    34
       Rpst.: Falchion   ||    12

Table legend:
 A = Spawn XP
 B = Non-spawn XP
 C = Spawn XP percentage of total XP
 D = Spawn monster count
 E = Non-spawn monster count
 F = Spawn count percentage of total count
 G = Total turns spent on level
                    A         B        C        D         E        F      G
               +---------+---------+-------+---------+---------+-------+---------
         Total |       0 |      28 |   0.0 |       0 |      17 |   0.0 |   304
               +---------+---------+-------+---------+---------+-------+---------
           D:1 |       0 |       6 |   0.0 |       0 |       4 |   0.0 |    53
           D:3 |       0 |      16 |   0.0 |       0 |      10 |   0.0 |   194
           D:5 |       0 |       6 |   0.0 |       0 |       3 |   0.0 |    49
               +---------+---------+-------+---------+---------+-------+---------
